 Dungeon Crawl Stone Soup version 0.28-a0-1213-g0243856f03 (webtiles) character file.

Game seed: 17000032122575675159

22729 Creed the Destroyer (level 12, -5/74 HPs)
             Began as a Demonspawn Conjurer on Dec 22, 2021.
             Was a High Priest of Vehumet.
             Slain by a polar bear (12 damage)
             ... in an ice cave.
             The game lasted 01:06:09 (21051 turns).

Creed the Destroyer (Demonspawn Conjurer)          Turns: 21051, Time: 01:06:09

Health: -5/74      AC: 12    Str:  8    XL:     12   Next: 65%
Magic:  1/26       EV: 11    Int: 30    God:    Vehumet [*****.]
Gold:   451        SH:  5    Dex: 12    Spells: 4/31 levels left

rFire   x . .      SeeInvis .   a - +1 whip (elec)
rCold   + . .      Faith    .   (no shield)
rNeg    . . .      Spirit   .   E - +0 acid dragon scales
rPois   +          Reflect  +   M - +0 hat
rElec   .          Harm     .   J - +1 cloak {rPois}
rCorr   +          Rampage  .   m - +0 pair of gloves
Will    .....                   (boots unavailable)
Stlth   +.........              g - amulet of reflection
HPRegen 0.22/turn               K - +6 ring of intelligence
MPRegen 0.20/turn               F - ring of ice

@: studying Maces & Flails
A: hooves 3, slimy green scales 2, demonic guardian 1
a: Renounce Religion


You were in an ice cave.
You worshipped Vehumet.
Vehumet was extremely pleased with you.
You visited 2 branches of the dungeon, and saw 13 of its levels.
You also visited: Ossuary and Ice Cave.

You collected 769 gold pieces.
You spent 318 gold pieces at shops.

Inventory:

Hand Weapons
 a - a +1 whip of electrocution (weapon)
 D - a +2 halberd of flaming
 N - a +1 short sword of speed
Missiles
 I - 2 throwing nets
Armour
 m - a +0 pair of gloves (worn)
 E - +0 acid dragon scales (worn)
 J - a +1 cloak of poison resistance (worn)
 L - a scarf of invisibility
 M - a +0 hat (worn)
Magical Staves
 c - a staff of air
Jewellery
 g - an amulet of reflection (around neck)
 F - a ring of ice (right hand)
 K - a +6 ring of intelligence (left hand)
Wands
 b - a wand of flame (17)
 r - a wand of polymorph (10)
 v - a wand of charming (20)
 y - a wand of acid (6)
 B - a wand of mindburst (4)
 C - a wand of iceblast (9)
 G - a wand of paralysis (4)
 H - a wand of digging (7)
Scrolls
 h - a scroll of blinking
 i - 3 scrolls of magic mapping
 j - a scroll of identify
 q - 2 scrolls of enchant weapon
 s - a scroll of fear
 u - 4 scrolls of teleportation
Potions
 d - 2 potions of berserk rage
 e - 2 potions of lignification {unknown}
 f - 7 potions of curing
 k - 2 potions of attraction {unknown}
 l - 2 potions of invisibility
 n - 6 potions of heal wounds
 o - 6 potions of flight
 p - a potion of haste {unknown}
 t - 2 potions of might {unknown}
 w - 9 potions of degeneration
 x - 3 potions of brilliance
 z - a potion of resistance {unknown}
 A - a potion of mutation
 O - a potion of magic {unknown}


   Skills:
 - Level 2.0 Polearms
 - Level 1.7 Dodging
 - Level 1.7 Stealth
 - Level 10.0 Spellcasting
 - Level 10.0 Conjurations
 - Level 8.0 Hexes
 - Level 5.0 Necromancy
 + Level 4.7 Translocations
 - Level 5.0 Fire Magic
 + Level 4.7 Ice Magic
 + Level 4.7 Air Magic
 - Level 8.0 Poison Magic


You had 4 spell levels left.
You knew the following spells:

 Your Spells              Type           Power      Damage    Failure   Level
a - Magic Dart            Conj           100%       1d8       1%          1
b - Searing Ray           Conj           100%       2d8       1%          2
c - Foxfire               Conj/Fire      100%       2x1d9     1%          1
d - Dazzling Flash        Conj/Hex       100%       N/A       1%          3
e - Fulminant Prism       Conj/Hex       31%        3d16      1%          4
f - Iskenderun's Mystic   Conj/Tloc      56%        2d12      1%          4
g - Corpse Rot            Necr/Air       88%        N/A       1%          2
h - Poisonous Vapours     Pois/Air       100%       N/A       1%          2
i - Hailstorm             Conj/Ice       73%        3d15      1%          4
j - Olgreb's Toxic Radia  Pois           58%        N/A       1%          4

Your spell library contained the following spells:

 Spells                   Type           Power      Damage    Failure   Level
 Yara's Violent Unravell  Hex/Tmut       19%        3d9       9%          5
 Ensorcelled Hibernation  Hex/Ice        100%       N/A       1%          2
 Sublimation of Blood     Necr           45%        N/A       1%          2
 Frozen Ramparts          Ice            100%       1d12      1%          3
 Gell's Gravitas          Tloc           43%        N/A       2%          3
 Lesser Beckoning         Tloc           43%        N/A       2%          3
 Teleport Other           Tloc           43%        N/A       2%          3
 Spider Form              Tmut/Pois      39%        N/A       3%          3
 Wereblood                Tmut           15%        N/A       10%         2
 Ice Form                 Ice/Tmut       43%        N/A       24%         4
 Summon Ice Beast         Ice/Summ       43%        N/A       24%         4
 Summon Hydra             Summ           7%         N/A       100%        7


Dungeon Overview and Level Annotations

Branches:
Dungeon (12/15)            Temple (1/1) D:4            Lair (0/6) D:10
    Orc (0/2) D:9         Ossuary (visited)           IceCv (1/1)

Altars:
Ashenzari
Cheibriados
Dithmenos
Elyvilon
Fedhas
Gozag
Hepliaklqana
Kikubaaqudgha
Makhleb
Nemelex Xobeh
Okawaru
Qazlal
Ru
Sif Muna
Trog
Uskayaw
Vehumet
Wu Jian
Xom
Yredelemnul
Zin
The Shining One
Beogh

Shops:
D:5 *   D:8 (   D:9 *

Annotations:
D:5 exclusion: oklob plant
D:8 2 transporters, HuGe's ghost, novice MiBe


Innate Abilities, Weirdness & Mutations

You have hooves in place of feet.
You are mostly covered in slimy green scales. (AC +3)
A weak demonic guardian rushes to your aid.


Message History

Your quasit disappears in a puff of smoke!
Casting: Searing Ray (safe; 1% risk of failure)
Confirm with . or Enter, or press ? or * to list all spells.
You begin to radiate toxic energy.
The polar bear is poisoned.
The polar bear looks even sicker.
Your toxic aura wanes.
The polar bear bites you.
* * * LOW HITPOINT WARNING * * *
The polar bear barely misses you.
The polar bear claws you but does no damage.
You see here a wolf corpse.
You see here a wolf corpse.
Casting: Olgreb's Toxic Radiance (mildly dangerous; 1% risk of failure)
Confirm with . or Enter, or press ? or * to list all spells.
You can't see any susceptible monsters within range! (Use Z to cast anyway.)
Casting: Olgreb's Toxic Radiance (mildly dangerous; 1% risk of failure)
Confirm with . or Enter, or press ? or * to list all spells.
You begin to radiate toxic energy.
The polar bear looks even sicker.
The polar bear looks even sicker.
Your toxic aura wanes.
You see here a wolf corpse.
You see here a yak skeleton.
Casting: Olgreb's Toxic Radiance (mildly dangerous; 1% risk of failure)
Confirm with . or Enter, or press ? or * to list all spells.
You don't have enough magic to cast this spell.
Casting: Olgreb's Toxic Radiance (mildly dangerous; 1% risk of failure)
Confirm with . or Enter, or press ? or * to list all spells.
You don't have enough magic to cast this spell.
Casting: Olgreb's Toxic Radiance (mildly dangerous; 1% risk of failure)
Confirm with . or Enter, or press ? or * to list all spells.
You begin to radiate toxic energy.
The polar bear looks even sicker.
The polar bear goes berserk!
The polar bear looks even sicker.
Your toxic aura wanes.
The polar bear bites you!!
* * * LOW HITPOINT WARNING * * *
A demonic guardian appears!
The polar bear misses you.
The polar bear claws you but does no damage.
The polar bear bites you!
You die...

###### ############## #....#
##....#..##.#.## .#..#
##.h@.#.#.#.#...## #..##
##...##.###..###..## ...#
#.4###≈≈≈≈#######..# .###
##..##≈≈≈≈≈#####...##
..#########..###≈≈###..##..###
#
#†.##.[...##...#≈##...÷..#..#
#
h###...⌠...#..####..#####.###
# ..##..).)..÷.####....# ..#
#########...## #..###.########
#


You could see a polar bear (berserk, very poisoned, ally target) and a friendly
rust devil (summoned).

Vanquished Creatures
  5 two-headed ogres
  Pikel (D:5)
  A deep elf pyromancer (D:12)
  A cyclops (D:12)
  An elephant (D:10)
  Maurice (D:8)
  An ice statue (IceCv)
  3 unseen horrors (D:11)
  A gargoyle (D:10)
  Maggie (D:6)
  2 kobold demonologists
  4 polar bears (IceCv)
  A queen bee (D:8)
  5 trolls
  2 hornets (D:9)
  Sigmund (D:7)
  A shadow (D:11)
  A vampire (D:9)
  24 yaks
  Grum (D:11)
  4 wyverns
  A water elemental (D:11)
  2 basilisks (D:10)
  3 water moccasins
  2 ice beasts
  2 black bears
  2 necrophages
  2 ogres (D:5)
  7 orc warriors
  18 wolves
  4 centaurs (D:12)
  3 phantoms (D:4)
  2 lemures (D:5)
  A gnoll sergeant (D:11)
  2 bullfrogs
  4 kobold brigands
  A wyvern zombie (D:6)
  A water moccasin zombie (D:6)
  A wyvern skeleton (D:5)
  22 killer bees
  3 vampire bats (D:10)
  An electric eel (D:11)
  4 howler monkeys
  2 bullfrog zombies (D:5)
  3 hounds
  4 centaur zombies
  A jelly (D:5)
  10 orc priests
  2 gnoll shamans
  A human zombie (Ossuary)
  3 iguanas (D:5)
  Jessica (D:2)
  Natasha (thrice) (D:2)
  8 orc wizards
  3 killer bee zombies
  A hound zombie (D:5)
  5 mummies (Ossuary)
  2 howler monkey zombies
  25 gnolls
  10 adders
  A shadow imp (D:8)
  A white imp (D:8)
  An adder skeleton (D:4)
  3 worms
  A dart slug (D:3)
  50 orcs
  9 ball pythons
  5 bats
  A bat skeleton (D:10)
  4 bat zombies (D:10)
  10 endoplasms
  2 giant cockroaches (D:3)
  3 gnoll zombies (Ossuary)
  33 goblins
  28 hobgoblins
  4 jackals (D:1)
  4 quokkas
  5 frilled lizards
  A goblin zombie (Ossuary)
  2 hobgoblin zombies (Ossuary)
  29 kobolds
  5 rats
  3 foxfires
439 creatures vanquished.

Vanquished Creatures (collateral kills)
  A yak (IceCv)
  2 orc warriors
  2 wolves (IceCv)
  An orc (D:10)
  A foxfire (D:8)
7 creatures vanquished.

Vanquished Creatures (others)
  A quokka (D:10)
  512 foxfires
  72 fulminant prisms
  27 plants
  4 toadstools (D:1)
616 creatures vanquished.

Grand Total: 1062 creatures vanquished

Notes
Turn   | Place    | Note
-------+----------+-------------------------------------------
     0 | D:1      | Creed the Demonspawn Conjurer began the quest for the Orb.
     0 | D:1      | Reached XP level 1. HP: 13/13 MP: 3/3
   139 | D:1      | Gained mutation: You have large cloven feet. [demonic
                  | ancestry]
   139 | D:1      | Reached XP level 2. HP: 16/19 MP: 0/5
   145 | D:1      | Learned a level 2 spell: Searing Ray
   844 | D:1      | Found a faded altar of an unknown god.
   924 | D:1      | Gained mutation: You have hoof-like feet. [demonic
                  | ancestry]
   924 | D:1      | Reached XP level 3. HP: 24/24 MP: 5/7
  1676 | D:2      | Noticed Jessica
  1679 | D:2      | Killed Jessica
  1680 | D:2      | Reached XP level 4. HP: 30/30 MP: 2/8
  1789 | D:2      | Noticed Natasha
  1793 | D:2      | Killed Natasha
  1794 | D:2      | Reached skill level 5 in Conjurations
  2116 | D:2      | Noticed Natasha
  2120 | D:2      | Killed Natasha
  2151 | D:2      | Noticed Natasha
  2154 | D:2      | Killed Natasha
  2155 | D:2      | Gained mutation: You are partially covered in slimy green
                  | scales. (AC +2) [demonic ancestry]
  2155 | D:2      | Reached XP level 5. HP: 35/35 MP: 5/10
  2941 | D:3      | Found a shimmering altar of Xom.
  3223 | D:3      | Reached XP level 6. HP: 41/41 MP: 9/12
  3731 | D:3      | Found a faded altar of an unknown god.
  3743 | D:3      | Found a burning altar of Makhleb.
  4579 | D:4      | Found a staircase to the Ecumenical Temple.
  4693 | Temple   | Entered the Ecumenical Temple
  4822 | Temple   | Became a worshipper of Vehumet
  4919 | D:4      | Reached skill level 5 in Spellcasting
  4930 | D:4      | Gained mutation: You are mostly covered in slimy green
                  | scales. (AC +3) [demonic ancestry]
  4930 | D:4      | Reached XP level 7. HP: 46/46 MP: 0/14
  5065 | D:4      | Found a sacrificial altar of Ru.
  5313 | D:5      | Entered Level 5 of the Dungeon
  5765 | D:5      | Found a sparkling altar of Nemelex Xobeh.
  6736 | D:5      | Found Leseozecw's General Store.
  6745 | D:5      | Gained mutation: You have hooves in place of feet. [demonic
                  | ancestry]
  6745 | D:5      | Reached XP level 8. HP: 52/52 MP: 10/17
  6791 | D:5      | Bought a scroll of identify for 26 gold pieces
  6791 | D:5      | Bought a scroll of enchant weapon for 97 gold pieces
  7069 | D:5      | Found a blossoming altar of Fedhas.
  7092 | D:5      | Noticed an oklob plant
  7222 | D:5      | Reached * piety under Vehumet
  7222 | D:5      | Offered knowledge of Foxfire by Vehumet.
  7263 | D:5      | Learned a level 1 spell: Foxfire
  7267 | D:5      | Learned a level 3 spell: Dazzling Flash
  7272 | D:5      | Learned a level 4 spell: Fulminant Prism
  7277 | D:5      | Learned a level 4 spell: Iskenderun's Mystic Blast
  7378 | D:5      | Noticed Pikel
  7393 | D:5      | Killed Pikel
  7914 | D:6      | Reached XP level 9. HP: 57/57 MP: 9/20
  7931 | D:6      | Found a sand-covered staircase.
  7938 | Ossuary  | Entered an ossuary
  9189 | D:6      | Offered knowledge of Static Discharge by Vehumet.
  9189 | D:6      | Reached ** piety under Vehumet
  9572 | D:6      | Offered knowledge of Conjure Flame by Vehumet.
  9577 | D:6      | Learned a level 2 spell: Corpse Rot
  9580 | D:6      | Learned a level 2 spell: Poisonous Vapours
  9663 | D:6      | Noticed Maggie
  9673 | D:6      | Killed Maggie
  9674 | D:6      | Reached skill level 10 in Conjurations
 10124 | D:6      | Reached *** piety under Vehumet
 10671 | D:7      | Found a stormy altar of Qazlal.
 10898 | D:7      | Reached skill level 10 in Spellcasting
 11234 | D:7      | Reached skill level 1 in Hexes
 11248 | D:7      | Reached skill level 1 in Poison Magic
 11457 | D:7      | Noticed Sigmund
 11461 | D:7      | Killed Sigmund
 11462 | D:7      | Reached skill level 1 in Polearms
 11462 | D:7      | Reached skill level 1 in Fire Magic
 11525 | D:7      | Found a snail-covered altar of Cheibriados.
 11703 | D:8      | Found Hodemy's Antique Weapon Boutique.
 11708 | D:8      | Bought a steaming war axe for 195 gold pieces
 11708 | D:8      | Identified the +3 war axe "Wan Roy" {vorpal, Contam rElec
                  | Int-5 Dex+8} (You bought it in a shop on level 8 of the
                  | Dungeon)
 11737 | D:8      | Offered knowledge of Stone Arrow by Vehumet.
 11947 | D:8      | Reached XP level 10. HP: 63/63 MP: 19/24
 12171 | D:8      | Found a transporter.
 12174 | D:8      | Found a transporter.
 12205 | D:8      | Found a bloodstained altar of Trog.
 12205 | D:8      | Noticed a two-headed ogre
 12205 | D:8      | Noticed HuGe's ghost (novice MiBe)
 12211 | D:8      | Noticed a moth of wrath
 12236 | D:8      | Noticed Maurice
 12244 | D:8      | Killed Maurice
 12318 | D:8      | Reached **** piety under Vehumet
 12595 | D:8      | Found a shadowy altar of Dithmenos.
 12693 | D:9      | Offered knowledge of Hailstorm by Vehumet.
 12699 | D:9      | Learned a level 4 spell: Hailstorm
 12955 | D:9      | Noticed a two-headed ogre
 13019 | D:9      | Paralysed by a hornet for 2 turns
 13655 | D:9      | Paralysed by a hornet for 3 turns
 13962 | D:9      | Reached ***** piety under Vehumet
 13973 | D:9      | Offered knowledge of Olgreb's Toxic Radiance by Vehumet.
 14117 | D:9      | Found a staircase to the Orcish Mines.
 14195 | D:9      | Reached skill level 5 in Hexes
 14235 | D:9      | Reached skill level 5 in Poison Magic
 14874 | D:9      | Killed a two-headed ogre
 14875 | D:9      | Reached skill level 5 in Fire Magic
 14875 | D:9      | Gained mutation: A weak demonic guardian rushes to your
                  | aid. [demonic ancestry]
 14875 | D:9      | Reached XP level 11. HP: 68/68 MP: 13/25
 15035 | D:9      | Learned a level 4 spell: Olgreb's Toxic Radiance
 15362 | D:9      | Noticed a two-headed ogre
 15367 | D:9      | Killed a two-headed ogre
 15388 | D:9      | Found an ornate altar of the Wu Jian Council.
 15408 | D:9      | Found an opulent altar of Gozag.
 15411 | D:9      | Found Gozag's Platinum Reserve.
 15729 | D:10     | Entered Level 10 of the Dungeon
 15729 | D:10     | Noticed a two-headed ogre
 16133 | D:10     | Found a staircase to the Lair.
 16324 | D:10     | Killed a two-headed ogre
 16845 | D:10     | Found an ancient bone altar of Kikubaaqudgha.
 17106 | D:11     | Noticed a two-headed ogre
 17111 | D:11     | Killed a two-headed ogre
 17120 | D:11     | Noticed a two-headed ogre
 17126 | D:11     | Killed a two-headed ogre
 17127 | D:11     | Reached skill level 1 in Necromancy
 17127 | D:11     | Reached skill level 1 in Translocations
 17127 | D:11     | Reached skill level 1 in Ice Magic
 17127 | D:11     | Reached skill level 1 in Air Magic
 17511 | D:11     | Noticed Grum
 17521 | D:11     | Killed Grum
 17944 | D:11     | Reached XP level 12. HP: 74/74 MP: 8/26
 17952 | D:11     | Offered knowledge of Yara's Violent Unravelling by Vehumet.
 19340 | D:12     | Found a frozen archway.
 19350 | IceCv    | Entered an ice cave
 20758 | IceCv    | Reached skill level 5 in Necromancy
 21051 | IceCv    | Slain by a polar bear

Illustrated notes

Levels and vault maps discovered:
D:1:      ldierk_walled_garden_2, layout_basic, basic_ecumenical_altar
D:2:      layout_loops_ring, basic_altar, uniq_jessica, uniq_natasha
D:3:      layout_loops_ring, nicolae_overflow_ecumenical_swirl, tgw_xom
D:4:      layout_basic, nicolae_ru_awakened_eye, temple_green, minivault_27,
          corexii_hall_statues_l, minmay_bisected
D:5:      layout_basic, tgw_fedhas, nemelex_xobeh_ov_fountains_minmay,
          serial_shops, nicolae_shop_advertising_works
          [nicolae_subvault_shop_adworks], uniq_pikel
D:6:      minmay_goblin_kobold_castle, layout_basic,
          mainiacjoe_overflow_catwalk, nicolae_ossuary_entry_ruins, uniq_maggie
D:7:      layout_basic, old_standard_altar, mainiacjoe_overflow_cross_hatched,
          nicolae_lava_and_water, sigmund_army
D:8:      layout_rooms, marbit_many_paths, serial_shops, shop,
          gammafunk_ghost_wrathful_warriors, nicolae_looking_at_the_future,
          uniq_maurice
D:9:      layout_long_grid, nicolae_gozag_zags_fifth_avenue,
          nicolae_wu_jian_wuxing_cycle, david_orc_5, minmay_joined_circles
D:10:     layout_loops_ring, elyvilon_altar_4, kennysheep_vampire_church,
          david_lair_generic
D:11:     layout_basic, uniq_grum
D:12:     layout_roguey, portal_ice_cave_entry_pillars_2,
          gammafunk_ghost_abyssal_escape, hangedman_decor_riveting
Temple:   nicolae_temple_figure_zero
IceCv:    ice_cave_caverns_02

Skill      XL: |  1  2  3  4  5  6  7  8  9 10 11 12 |
---------------+-------------------------------------+-----
Spellcasting   | 3 4 5 6 7 10 | 10.0
Conjurations   | 5 6 7 9 10 | 10.0
Hexes          | 1 5 8 |  8.0
Poison Magic   | 1 5 8 |  8.0
Polearms       | 1 2 |  2.0
Fire Magic     | 1 5 |  5.0
Necromancy     | 2 5 |  5.0
Translocations | 2 4 |  4.7
Ice Magic      | 2 4 |  4.7
Air Magic      | 2 4 |  4.7
Dodging        | |  1.7
Stealth        | |  1.7

Action                   |  1- 3 |  4- 6 |  7- 9 | 10-12 || total
-------------------------+-------+-------+-------+-------++-------
Melee: Dagger            |    22 |     3 |    26 |       ||    51
       Kick              |     1 |     1 |     4 |    17 ||    23
       Whip              |       |       |     9 |    80 ||    89
 Cast: Magic Dart        |    76 |    63 |   109 |   111 ||   359
       Searing Ray       |     2 |    13 |    47 |    51 ||   113
       Foxfire           |       |       |    90 |   210 ||   300
       Fulminant Prism   |       |       |     6 |    66 ||    72
       Poisonous Vapours |       |       |     4 |     4 ||     8
       Iskenderun's Myst |       |       |       |    27 ||    27
       Dazzling Flash    |       |       |       |     1 ||     1
       Olgreb's Toxic Ra |       |       |       |    63 ||    63
  Use: Scroll            |       |     3 |    11 |     5 ||    19
       Potion            |       |       |       |     1 ||     1
Armor: Robe              |     7 |     7 |    23 |       ||    37
       Acid dragon scale |       |       |    22 |   112 ||   134
Dodge: Dodged            |    27 |    10 |    75 |   136 ||   248
Block: Other             |       |     3 |    26 |    57 ||    86
       Reflection        |       |     2 |     3 |     3 ||     8

Table legend: (Time is in decaauts)
 A = Elapsed time spent in this place.
 B = Non-inter-level travel time spent in this place.
 C = Inter-level travel time spent in this place.
 D = Time resting spent in this place.
 E = Time spent auto-exploring this place.
 F = Levels seen in this place.
 G = Mean time per level.
                   A        B        C        D        E       F      G
               +--------+--------+--------+--------+--------+-----+--------+
         Total |  21114 |  20455 |    659 |   7959 |   9432 |  15 | 1407.6 |
       Dungeon |  18850 |  18216 |    634 |   6856 |   8841 |  12 | 1570.8 |
        Temple |    139 |    114 |     25 |      0 |    112 |   1 |  139.0 |
       Ossuary |    416 |    416 |      0 |     23 |    294 |   1 |  416.0 |
      Ice Cave |   1707 |   1707 |      0 |   1080 |    185 |   1 | 1707.0 |
               +--------+--------+--------+--------+--------+-----+--------+

Top non-repeatable levels by time:
     D:9: 2576 daAuts
     D:6: 2269 daAuts
     D:5: 2182 daAuts
    D:11: 1885 daAuts
   IceCv: 1707 daAuts
     D:4: 1664 daAuts
     D:8: 1578 daAuts
     D:2: 1449 daAuts
    D:10: 1330 daAuts
     D:1: 1292 daAuts
     D:3: 1122 daAuts
     D:7: 1119 daAuts
 Ossuary: 416 daAuts
    D:12: 378 daAuts
  Temple: 139 daAuts
